 Dungeon Crawl Stone Soup version 0.24-a0-235-g3f03afc (webtiles) character file.

Game seed: 11366349213791190063

1183 xeno23 the Covert (level 8, -4/50 HPs)
             Began as an Octopode Assassin on Apr 7, 2019.
             Slain by Duvessa
             ... wielding a +4 short sword of freezing
              (6 damage)
             ... on level 4 of the Dungeon.
             The game lasted 00:20:40 (5645 turns).

xeno23 the Covert (Octopode Assassin)               Turns: 5645, Time: 00:20:41

Health: -4/50      AC:  1    Str: 14 (15) XL:     8   Next: 42%
Magic:  8/8        EV: 13    Int: 13      God:
Gold:   211        SH:  0    Dex: 15      Spells: 7/7 levels left

rFire    + . .     SeeInvis .   a - +2 dagger
rCold    . . .     Gourm    .   (no shield)
rNeg     . . .     Faith    .   (helmet restricted)
rPois    .         Spirit   .   (no amulet)
rElec    .         Reflect  .   r - +4 ring of strength
rCorr    .         Harm     .   (no ring)
MR       .....                  (no ring)
Stlth    +++++.....             (no ring)
HPRegen  0.16/turn              (no ring)
MPRegen  0.11/turn              (no ring)
                                (no ring)
                                (no ring)

@: slowed, very slow
A: almost no armour, stealthy swim, amphibious, 8 rings, constrict 8, beak,
camouflage 1, blurry vision 1, fire resistance 1, gelatinous body 1, MP-powered
wands
a: no special abilities


You were on level 4 of the Dungeon.
You were not hungry.

You visited 1 branch of the dungeon, and saw 5 of its levels.

You collected 211 gold pieces.

Inventory:

Hand Weapons
 a - a +2 dagger (weapon)
 s - a +0 blowgun
Missiles
 c - 42 poisoned needles
 m - a curare-tipped needle
Jewellery
 r - a +4 ring of strength (left tentacle)
Scrolls
 d - 2 scrolls of magic mapping {unknown}
 e - a scroll of amnesia {unknown}
 h - a scroll of enchant weapon {unknown}
 i - 4 scrolls of remove curse
 k - a scroll of identify
 l - a scroll of teleportation
 o - 2 scrolls of fog
 q - a scroll of fear {unknown}
 t - a scroll of immolation {unknown}
Potions
 b - 2 potions of flight {unknown}
 j - 2 potions of berserk rage
 n - a potion of agility {unknown}
 u - 2 potions of curing {unknown}
Comestibles
 f - 12 rations
 g - 7 chunks of flesh


   Skills:
 - Level 2.0 Fighting
 * Level 8.2 Short Blades
 - Level 2.0 Throwing
 - Level 1.0 Dodging
 + Level 9.6 Stealth


You had 7 spell levels left.
You didn't know any spells.
Your spell library was empty.

Dungeon Overview and Level Annotations

Branches:
Dungeon (5/15)
 Temple: D:4-7

Altars:
Ashenzari
Okawaru
Qazlal
Yredelemnul
Beogh

Annotations:
D:1 1 exclusion
D:4 Dowan, Duvessa
D:5 Edmund


Innate Abilities, Weirdness & Mutations

You cannot wear most types of armour.
You are very stealthy in the water. (Stealth+)
You are amphibious.
You can wear up to eight rings at the same time.
You can use your tentacles to constrict eight enemies at once.
Your skin changes colour to match your surroundings (Stealth+).
Your rubbery body absorbs attacks. (AC +1, EV +1)
You have a beak for a mouth.
Scrolls take you a little longer to read.
Your flesh is heat resistant. (rF+)
You expend magic power (3 MP) to strengthen your wands.


Message History

You squeeze the orc wizard, but do no damage.
The orc wizard is almost dead.
The orc wizard points at you and mumbles some strange words.
The magic dart hits you.
* * * LOW HITPOINT WARNING * * *
You take 5 damage.
You hit the orc wizard.
You kill the orc wizard!
Okay, then.
Okay, then.
Unknown command.
Duvessa says, "Did you see that move?
Perfect!"
Duvessa completely misses you.
There is a stone staircase leading down here.
Dowan gestures wildly while chanting.
Dowan blinks!
Duvessa hits you with a +4 short sword of freezing!
* * * LOW HITPOINT WARNING * * *
Duvessa freezes you.
You die...

............._......#
.##########....####.# .# ###
#...## #.# .######.# ###.#
#.# ......'.# #.# #.# #
#.#####.#####.######
#######........#.#.......#
..............##...#####.#
######........##@### #.##
................e>######..#
######..##..##.#.......##.###
........##..................#
.....##.##..#.#..e#.#.#.#.#.#
..... #.....................#
##'#. ...#.#...#...#.#.#.###
...# ...#....).ยง#.......#
...# . #...#...#.#.#.###


You could see Duvessa and Dowan.

Vanquished Creatures
  Menkaure (D:4)
  An orc warrior (D:2)
  An ogre (D:4)
  A centaur (D:4)
  A scorpion (D:5)
  A howler monkey (D:4)
  A hound (D:4)
  3 orc priests
  7 orc wizards
  A bullfrog skeleton (D:4)
  3 worker ants (D:4)
  Robin (D:4)
  4 adders
  11 gnolls
  A shadow imp (D:5)
  3 oozes
  A worm (D:3)
  2 dart slugs
  5 leopard geckos
  26 orcs
  2 giant cockroaches
  8 goblins
  11 hobgoblins
  3 quokkas
  4 bats
  4 frilled lizards
  4 kobolds
  A leopard gecko skeleton (D:4)
  13 rats
125 creatures vanquished.

Notes
Turn   | Place    | Note
-------+----------+-------------------------------------------
     0 | D:1      | xeno23 the Octopode Assassin began the quest for the Orb.
     0 | D:1      | Reached XP level 1. HP: 14/14 MP: 1/1
   185 | D:1      | Reached XP level 2. HP: 18/19 MP: 2/2
   941 | D:2      | Found a basalt altar of Yredelemnul.
   942 | D:2      | Reached XP level 3. HP: 24/24 MP: 3/3
   946 | D:2      | Reached skill level 6 in Stealth
   950 | D:2      | Reached XP level 4. HP: 29/29 MP: 4/4
  1191 | D:2      | Found a faded altar of an unknown god.
  1318 | D:2      | Noticed an orc warrior
  1322 | D:2      | Reached XP level 5. HP: 33/34 MP: 5/5
  1455 | D:2      | Killed an orc warrior
  1455 | D:2      | Reached skill level 5 in Short Blades
  1455 | D:2      | Reached skill level 7 in Stealth
  1564 | D:2      | Reached XP level 6. HP: 17/39 MP: 6/6
  2761 | D:3      | Found a roughly hewn altar of Beogh.
  3065 | D:2      | Gained mutation: You have a beak for a mouth. [potion of
                  | mutation]
  3065 | D:2      | Gained mutation: Your body sometimes deteriorates upon
                  | taking damage. [potion of mutation]
  3065 | D:2      | Gained mutation: Your flesh is heat resistant. (rF+)
                  | [potion of mutation]
  3320 | D:3      | Found an iron altar of Okawaru.
  3323 | D:3      | Reached XP level 7. HP: 45/45 MP: 7/7
  3455 | D:3      | Reached skill level 8 in Stealth
  3482 | D:4      | Noticed a wyvern
  4091 | D:4      | You fall through a shaft!
  4091 | D:5      | Entered Level 5 of the Dungeon
  4093 | D:5      | Found a shattered altar of Ashenzari.
  4096 | D:4      | Noticed Menkaure
  4099 | D:4      | Noticed Duvessa
  4102 | D:4      | Killed Menkaure
  4104 | D:4      | Found a stormy altar of Qazlal.
  4111 | D:4      | Noticed Dowan
  4591 | D:5      | Reached skill level 9 in Stealth
  4591 | D:5      | Reached XP level 8. HP: 50/50 MP: 8/8
  4597 | D:5      | Lost mutation: Your body sometimes deteriorates upon taking
                  | damage. [potion of mutation]
  4597 | D:5      | Gained mutation: Scrolls take you a little longer to read.
                  | [potion of mutation]
  4597 | D:5      | Gained mutation: You expend magic power (3 MP) to
                  | strengthen your wands. [potion of mutation]
  4645 | D:5      | Noticed Edmund
  5057 | D:4      | Noticed Robin
  5377 | D:4      | Killed Robin
  5645 | D:4      | HP: 2/50 [Duvessa/+4 short sword of freezing (13)]
  5645 | D:4      | Slain by Duvessa

Levels and vault maps discovered:
D:1:      roderic_crop_circles_arrival_small, layout_basic, due_unseen_surprise
D:2:      layout_basic, yredelemnul_altar_generic, first_ration,
          chequers_ecumenical_altar_simple
D:3:      layout_basic, lemuel_round_altar, kennysheep_orc_chapel
D:4:      kennysheep_big_flooded_room, layout_basic,
          nicolae_overflow_crystal_walls, hangedman_decor_riveting,
          uniq_duvessa, uniq_menkaure, uniq_robin
D:5:      layout_rooms, overflow_temple_1_default, old_standard_altar,
          hangedman_feature_mirror, uniq_pikel, uniq_edmund

Skill      XL: |  1  2  3  4  5  6  7  8 |
---------------+-------------------------+-----
Short Blades   | 3 4 5 6 7 8 |  8.2
Stealth        | 6 7 9 |  9.6
Fighting       | |  2.0
Throwing       | |  2.0
Dodging        | |  1.0

Action                   |  1- 3 |  4- 6 |  7- 9 || total
-------------------------+-------+-------+-------++-------
Melee: Dagger            |    25 |   121 |   151 ||   297
       Tentacles         |     4 |    25 |    33 ||    62
       Constrict         |     4 |    30 |    34 ||    68
       Peck              |       |     1 |    32 ||    33
 Fire: Blowgun           |       |     8 |     8 ||    16
  Use: Scroll            |       |     3 |     3 ||     6
       Potion            |       |     1 |     4 ||     5
 Stab: Sleeping          |    11 |    14 |     4 ||    29
       Distracted        |       |     1 |     1 ||     2
  Eat: Chunk             |       |     7 |     8 ||    15
Armor: Skin              |       |     4 |     1 ||     5
Dodge: Dodged            |     8 |    34 |    80 ||   122

Table legend:
 A = Non-vault XP
 B = Vault XP
 C = Vault XP percentage of total XP
 D = Non-vault monster count
 E = Vault monster count
 F = Vault count percentage of total count
                 A         B        C        D         E       F
            +---------+---------+-------+---------+---------+-------
      Total |    1425 |     265 |  15.7 |     107 |      18 |  14.4
            +---------+---------+-------+---------+---------+-------
        D:1 |      25 |       0 |   0.0 |      13 |       0 |   0.0
        D:2 |     439 |       0 |   0.0 |      29 |       0 |   0.0
        D:3 |     235 |      52 |  18.1 |      33 |       5 |  13.2
        D:4 |     629 |     192 |  23.4 |      25 |       7 |  21.9
        D:5 |      97 |      21 |  17.8 |       7 |       6 |  46.2
            +---------+---------+-------+---------+---------+-------
